 Dungeon Crawl Stone Soup version 0.23.1 (webtiles) character file.

Game seed: 5309771307866295790

5075 Porterhouse the Covert (level 10, -6/68 HPs)
             Began as an Octopode Assassin on Mar 1, 2019.
             Was an Initiate of Dithmenos.
             Splashed by a brown ugly thing's acid (10 damage)
             ... on level 9 of the Dungeon.
             The game lasted 00:33:04 (11363 turns).

Porterhouse the Covert (Octopode Assassin)         Turns: 11363, Time: 00:33:06

Health: -6/68      AC: -1    Str: 10    XL:     10   Next: 56%
Magic:  14/14      EV: 16    Int: 14    God:    Dithmenos [......]
Gold:   433        SH:  0    Dex: 17    Spells: 5/14 levels left

rFire    . . .     SeeInvis .   a - +4 dagger (venom)
rCold    . . .     Gourm    +   (no shield)
rNeg     . . .     Faith    .   (helmet restricted)
rPois    .         Spirit   .   H - amulet of the gourmand
rElec    .         Reflect  .   k - ring of wizardry
rCorr    .         Harm     .   B - +2 ring of protection
MR       .....                  (no ring)
Stlth    +++++++...             (no ring)
HPRegen  0.21/turn              (no ring)
MPRegen  0.14/turn              (no ring)
                                (no ring)
                                (no ring)

@: corroded
A: almost no armour, stealthy swim, amphibious, 8 rings, constrict 8, camouflage
1, gelatinous body 1
a: Renounce Religion


You were on level 9 of the Dungeon.
You worshipped Dithmenos.
Dithmenos was noncommittal.
You were completely stuffed.

You visited 2 branches of the dungeon, and saw 10 of its levels.
You also visited: Sewer.

You collected 433 gold pieces.

Inventory:

Hand Weapons
 a - a +4 dagger of venom (weapon)
 b - a +0 blowgun
 l - a +2 dagger
 t - a +0 short sword of freezing
 u - a +0 hand crossbow of flaming
 D - a +2 dagger of draining
Missiles
 c - 56 poisoned needles
 d - 2 curare-tipped needles
 v - 11 bolts
 F - a throwing net (quivered)
Magical Staves
 g - an uncursed staff of wizardry
 N - an uncursed staff of conjuration
Jewellery
 k - a ring of wizardry (left tentacle)
 B - a +2 ring of protection (right tentacle)
 H - an amulet of the gourmand (around mantle)
Wands
 r - a wand of acid (9)
 G - a wand of clouds (8)
 J - a wand of iceblast (6)
Scrolls
 e - 2 scrolls of fear
 j - 7 scrolls of remove curse
 p - 6 scrolls of magic mapping
 s - 2 scrolls of teleportation {unknown}
 y - 2 scrolls of enchant armour
 A - 2 scrolls of blinking
 C - a scroll of amnesia {unknown}
 I - a scroll of random uselessness {unknown}
Potions
 h - 8 potions of flight
 i - 9 potions of curing
 m - 4 potions of agility
 n - 2 potions of brilliance {unknown}
 o - a potion of haste {unknown}
 q - a potion of degeneration {unknown}
 w - 3 potions of might
 x - 3 potions of heal wounds
 z - 3 potions of lignification
 E - a potion of ambrosia {unknown}
Miscellaneous
 K - a lightning rod (4/4)
 L - a sack of spiders
 M - a phantom mirror
Comestibles
 f - 23 rations


   Skills:
 + Level 6.0 Fighting
 + Level 7.7 Short Blades
 + Level 3.0 Throwing
 + Level 4.5 Dodging
 + Level 13.5 Stealth
 * Level 2.9 Spellcasting
 * Level 3.0 Charms
 * Level 0.9 Necromancy
 * Level 3.1 Air Magic


You had 5 spell levels left.
You knew the following spells:

 Your Spells              Type           Power        Failure   Level  Hunger
a - Deflect Missiles      Chrm/Air       ##........   97%         6    #######
b - Regeneration          Chrm/Necr      #.........   12%         3    ###....

Your spell library contained the following spells:

 Spells                   Type           Power        Failure   Level  Hunger
 Animate Skeleton         Necr           N/A          6%          1    #......
 Pain                     Necr           #...         6%          1    #......
 Vampiric Draining        Necr           #.........   17%         3    ###....
 Summon Lightning Spire   Summ/Air       #.......     41%         4    #####..
 Animate Dead             Necr           N/A          47%         4    #####..
 Silence                  Hex/Air        #.........   75%         5    ######.
 Conjure Ball Lightning   Conj/Air       #.........   99%         6    #######
 Tornado                  Air            ##........   100%        9    #######


Dungeon Overview and Level Annotations

Branches:
Dungeon (9/15)             Temple (1/1) D:5
   Lair: D:8-11         Orc: D:9-12

Altars:
Ashenzari
Cheibriados
Dithmenos
Elyvilon
Fedhas
Gozag
Hepliaklqana
Kikubaaqudgha
Makhleb
Nemelex Xobeh
Okawaru
Qazlal
Ru
Sif Muna
Trog
Uskayaw
Vehumet
Wu Jian
Xom
Yredelemnul
Zin
The Shining One

Shops:
D:4 }   D:6 %

Annotations:
D:9 1 runed translucent door


Innate Abilities, Weirdness & Mutations

You cannot wear most types of armour.
You are very stealthy in the water. (Stealth+)
You are amphibious.
You can wear up to eight rings at the same time.
You can use your tentacles to constrict eight enemies at once.
Your skin changes colour to match your surroundings (Stealth+).
Your rubbery body absorbs attacks. (AC +1, EV +1)


Message History

You squeeze the brown ugly thing.
The brown ugly thing is severely wounded.
You constrict the brown ugly thing.
The brown ugly thing completely misses you.
You hit the brown ugly thing. You squeeze the brown ugly thing.
The brown ugly thing is severely wounded.
You constrict the brown ugly thing. You hit the brown ugly thing.
The brown ugly thing looks as sick as possible!
The brown ugly thing is severely wounded.
You constrict the brown ugly thing. The brown ugly thing pecks you.
The acid corrodes you!
You are splashed with acid!
* * * LOW HITPOINT WARNING * * *
You hit the brown ugly thing but do no damage.
You squeeze the brown ugly thing.
The brown ugly thing is almost dead.
You constrict the brown ugly thing. The brown ugly thing pecks you!
* * * LOW HITPOINT WARNING * * *
You are splashed with acid!
You die...

.#.......#.#...#..#...)...#
#.....#.#.#...#..#.......#
....#....#.#...#......[...#
.........###...######'########
..............................
.........#...#..#..#..#...#.
#..... #...#..#.....#...#.
..#..#5..#..#.....#.....
.....hu@....[...........
########################


You could see a brown ugly thing, a black bear and a crimson imp.

Vanquished Creatures
  A two-headed ogre (D:8)
  An ugly thing (D:8)
  A cyclops (D:9)
  A kobold demonologist (D:9)
  A hornet (D:9)
  2 hippogriffs
  A wraith (D:9)
  2 sky beasts
  An ice beast (D:8)
  2 ogres
  A centaur (D:8)
  3 big kobolds (Sewer)
  4 bullfrogs
  A wyvern skeleton (D:8)
  A scorpion (D:8)
  4 killer bees (D:7)
  5 electric eels (D:6)
  2 howler monkeys
  6 crimson imps
  A centaur zombie (D:8)
  2 jellies
  2 orc priests
  7 hounds
  A centaur skeleton (D:5)
  2 iguanas
  3 orc wizards
  5 worker ants
  A killer bee zombie (D:9)
  A hound zombie (D:5)
  A hound skeleton (D:8)
  A worker ant zombie (D:6)
  8 river rats (Sewer)
  11 adders
  2 shadow imps
  2 oozes
  An adder skeleton (D:6)
  2 worms
  2 dart slugs
  4 leopard geckos
  19 orcs
  4 giant cockroaches
  7 hobgoblins
  10 jackals
  16 kobolds
  5 quokkas
  5 ball pythons
  7 bats
  5 frilled lizards
  5 goblins
  25 rats
207 creatures vanquished.

Vanquished Creatures (others)
  A withered plant (D:6)
1 creature vanquished.

Grand Total: 208 creatures vanquished

Notes
Turn   | Place    | Note
-------+----------+-------------------------------------------
     0 | D:1      | Porterhouse the Octopode Assassin began the quest for the
                  | Orb.
     0 | D:1      | Reached XP level 1. HP: 14/14 MP: 1/1
   328 | D:1      | Reached XP level 2. HP: 9/19 MP: 2/2
  1093 | D:2      | Reached skill level 6 in Stealth
  1225 | D:2      | Reached XP level 3. HP: 18/24 MP: 3/3
  1593 | D:2      | Reached XP level 4. HP: 29/29 MP: 4/4
  1617 | D:2      | Reached skill level 7 in Stealth
  2460 | D:3      | Reached XP level 5. HP: 35/35 MP: 5/5
  2886 | D:4      | Reached skill level 8 in Stealth
  2894 | D:4      | Found Bing's Gadget Shop.
  2945 | D:4      | Reached XP level 6. HP: 37/41 MP: 6/6
  3069 | D:4      | Found a shimmering altar of Xom.
  3575 | D:4      | Reached skill level 9 in Stealth
  3575 | D:4      | Reached XP level 7. HP: 31/46 MP: 7/7
  3811 | D:5      | Entered Level 5 of the Dungeon
  3874 | D:5      | Found a staircase to the Ecumenical Temple.
  3883 | Temple   | Entered the Ecumenical Temple
  4208 | D:5      | Found a glowing drain.
  4217 | Sewer    | Entered a sewer
  5032 | Sewer    | Reached skill level 10 in Stealth
  5266 | Sewer    | Reached XP level 8. HP: 19/53 MP: 8/8
  5718 | D:5      | Reached skill level 5 in Short Blades
  5979 | D:5      | Found a snail-covered altar of Cheibriados.
  6076 | D:5      | Found a sacrificial altar of Ru.
  6079 | D:5      | Found an opulent altar of Gozag.
  6091 | D:5      | Found a white marble altar of Elyvilon.
  6094 | D:5      | Found a deep blue altar of Sif Muna.
  6267 | D:5      | Found a glowing golden altar of the Shining One.
  6392 | D:6      | Found Toax's Food Emporium.
  6881 | D:6      | Found a hide-covered altar of Uskayaw.
  6883 | D:6      | Noticed a +0 hand axe
  6883 | D:6      | Noticed a -1 dagger
  7147 | D:6      | Found an ancient bone altar of Kikubaaqudgha.
  7147 | D:6      | Found a blossoming altar of Fedhas.
  7225 | D:6      | Reached skill level 11 in Stealth
  8746 | D:7      | Reached XP level 9. HP: 60/60 MP: 9/9
  8748 | D:7      | Reached skill level 5 in Fighting
  8874 | D:8      | Noticed a purple ugly thing
  8878 | D:8      | Killed a purple ugly thing
  9114 | D:8      | Reached skill level 12 in Stealth
  9205 | D:8      | Learned a level 6 spell: Deflect Missiles
  9419 | D:8      | Reached skill level 1 in Charms
  9419 | D:8      | Reached skill level 1 in Air Magic
  9423 | D:8      | Reached skill level 1 in Spellcasting
  9434 | D:8      | Noticed a two-headed ogre
  9441 | D:8      | Killed a two-headed ogre
  9441 | D:8      | Reached XP level 10. HP: 68/68 MP: 10/12
  9997 | D:9      | Found a runed translucent door.
 10006 | D:9      | Reached skill level 13 in Stealth
 10210 | D:9      | Noticed a kobold demonologist
 10211 | D:9      | Noticed a manticore
 10217 | D:9      | Noticed a cyclops
 10227 | D:9      | Noticed a two-headed ogre
 10244 | D:9      | Noticed a brown ugly thing
 10247 | D:9      | Killed a kobold demonologist
 10397 | D:9      | Learned a level 3 spell: Regeneration
 10803 | D:2      | Found a shadowy altar of Dithmenos.
 10803 | D:2      | Found a stormy altar of Qazlal.
 10812 | D:2      | Became a worshipper of Dithmenos the Shadowed
 11249 | D:9      | Killed a cyclops
 11276 | D:9      | Found the +2 pair of boots of the Assassin {Detection Stab+
                  | Stlth++}
 11363 | D:9      | Splashed by a brown ugly thing's acid

Skill      XL: |  1  2  3  4  5  6  7  8  9 10 |
---------------+-------------------------------+-----
Stealth        | 6 7 8 9 10 11 12 13 | 13.5
Short Blades   | 3 4 6 7 |  7.7
Fighting       | 3 4 5 6 |  6.0
Dodging        | 2 3 4 |  4.5
Charms         | 2 3 |  3.0
Air Magic      | 2 3 |  3.1
Spellcasting   | 1 2 |  2.9
Throwing       | 3 |  3.0
Necromancy     | |  0.9

Action                   |  1- 3 |  4- 6 |  7- 9 | 10-12 || total
-------------------------+-------+-------+-------+-------++-------
Melee: Dagger            |    46 |   115 |   228 |   104 ||   493
       Constrict         |     7 |    30 |    43 |    13 ||    93
       Tentacles         |     5 |    28 |    39 |    28 ||   100
 Fire: Blowgun           |       |       |     6 |       ||     6
Evoke: Wand              |       |       |       |     4 ||     4
  Use: Scroll            |       |       |     7 |     8 ||    15
       Potion            |       |       |       |     1 ||     1
 Stab: Sleeping          |    14 |    10 |    31 |     4 ||    59
       Distracted        |       |       |     3 |     2 ||     5
  Eat: Chunk             |     2 |     6 |    12 |    19 ||    39
       Ration            |       |       |     2 |       ||     2
Armor: Skin              |     2 |     4 |     9 |     4 ||    19
Dodge: Dodged            |    12 |    53 |   115 |    29 ||   209
